PA
NIAGARA FALLS EXPOS @ NEBRASKA PLAINSMEN
06/05/2027
 
TOP OF THE 1ST
Niagara Falls Expos batting - Pitching for Nebraska Plainsmen : RHP Gabriel Escobar
Pitching: RHP Gabriel Escobar
Batting: LHB Júlio Ibarra 0-0: Ball
1-0: SINGLE (Line Drive, 6)
Batting: RHB Danijel van Aalten 0-0: Ball
1-0: Grounds into double play, 5-4-3 (Groundball, 56)
Batting: RHB Edgardo Castro 0-0: Called Strike
0-1: Called Strike
0-2: Ball
1-2: Ball
2-2: Foul Ball, location: 2F
2-2: Strikes out swinging
Top of the 1st over - 0 run(s), 1 hit(s), 0 error(s), 0 left on base; Niagara Falls 0 - Nebraska 0
BOTTOM OF THE 1ST
Nebraska Plainsmen batting - Pitching for Niagara Falls Expos : RHP Dao-zi Zhai
Pitching: RHP Dao-zi Zhai
Batting: SHB Tony Gutiérrez 0-0: Ball
1-0: Bunt for hit - play at first, batter OUT! 1-3
Batting: LHB Gilberto Moreno 0-0: Called Strike
0-1: Ball
1-1: Called Strike
1-2: TRIPLE (Flyball, 89D)
Batting: LHB Lance Antle 0-0: Ball
1-0: Foul Ball, location: 2F
1-1: Fly out, F6 (Popup, 6)
Batting: SHB Keyveat Postell 0-0: Ball
1-0: Called Strike
1-1: SINGLE (Line Drive, 6MD)
Gilberto Moreno scores
Batting: LHB Pedro García 0-0: Ball
1-0: Called Strike
1-1: Ground out 1-3 (Groundball, P)
Bottom of the 1st over - 1 run(s), 2 hit(s), 0 error(s), 1 left on base; Niagara Falls 0 - Nebraska 1
TOP OF THE 2ND
Niagara Falls Expos batting - Pitching for Nebraska Plainsmen : RHP Gabriel Escobar
Batting: LHB Pancho Farías 0-0: Foul Ball, location: 2F
0-1: Called Strike
0-2: Foul Ball, location: 2F
0-2: Ball
1-2: Ball
2-2: Ball
3-2: Base on Balls
Batting: RHB Mario Germán 0-0: Ball
1-0: Ball
2-0: Ball
3-0: Base on Balls
Pancho Farías to second
Batting: LHB Carlos Germán 0-0: Ball
1-0: Ball
2-0: Foul Ball, location: 2F
2-1: Swinging Strike
2-2: Strikes out swinging
Batting: RHB Damien Medforth 0-0: Ball
1-0: Called Strike
1-1: Called Strike
1-2: SINGLE (Groundball, 56) (infield hit)
Pancho Farías to third
Mario Germán to second
Batting: RHB Hou Kong 0-0: Grounds into double play, 5-4-3 (Groundball, 5)
Top of the 2nd over - 0 run(s), 1 hit(s), 0 error(s), 2 left on base; Niagara Falls 0 - Nebraska 1
BOTTOM OF THE 2ND
Nebraska Plainsmen batting - Pitching for Niagara Falls Expos : RHP Dao-zi Zhai
Batting: RHB Harith Karim 0-0: Ball
1-0: Called Strike
1-1: Ball
2-1: SINGLE (Groundball, 6MD)
Batting: SHB José Ángel 0-0: SINGLE (Flyball, 7S)
Harith Karim to second
Batting: SHB Bill Bambridge 0-0: DOUBLE (Flyball, 89D)
Harith Karim scores
José Ángel to third
Batting: LHB Michael Cochran 0-0: Fly out, F8 (Line Drive, 78M)
Runner from 3rd tags up, SCORES, no throw
Batting: SHB Tony Gutiérrez 0-0: DOUBLE (Line Drive, 7LS)
Bill Bambridge scores
Batting: LHB Gilberto Moreno 0-0: Ball
1-0: Foul Ball, location: 2F
1-1: SINGLE (Flyball, 4MD)
Tony Gutiérrez to third
Runner from 3rd tries for Home, SAFE, no throw
Batting: LHB Lance Antle 0-0: Fly out, F4 (Popup, 4)
Batting: SHB Keyveat Postell 0-0: Ball
1-0: Foul Ball, location: 2F
1-1: Ball
2-1: Fly out, F5 (Flyball, 5D)
Bottom of the 2nd over - 4 run(s), 5 hit(s), 0 error(s), 1 left on base; Niagara Falls 0 - Nebraska 5
TOP OF THE 3RD
Niagara Falls Expos batting - Pitching for Nebraska Plainsmen : RHP Gabriel Escobar
Batting: RHB Justin Smelter 0-0: Called Strike
0-1: Ball
1-1: Swinging Strike
1-2: Strikes out swinging
Batting: LHB Júlio Ibarra 0-0: Foul Ball, location: 2F
0-1: Called Strike
0-2: Ball
1-2: Ball
2-2: Foul Ball, location: 2F
2-2: Foul Ball, location: 2F
2-2: Ball
3-2: Ground out 4-3 (Groundball, 4S)
Batting: RHB Danijel van Aalten 0-0: Called Strike
0-1: Foul Ball, location: 2F
0-2: Ground out 1-3 (Groundball, 15)
Top of the 3rd over - 0 run(s), 0 hit(s), 0 error(s), 0 left on base; Niagara Falls 0 - Nebraska 5
BOTTOM OF THE 3RD
Nebraska Plainsmen batting - Pitching for Niagara Falls Expos : RHP Dao-zi Zhai
Batting: LHB Pedro García 0-0: Ground out 5-3 (Groundball, 56)
Batting: RHB Harith Karim 0-0: Ball
1-0: Ball
2-0: Swinging Strike
2-1: Ball
3-1: Base on Balls
Batting: SHB José Ángel 0-0: Called Strike
0-1: Swinging Strike
0-2: Fly out, F1 (Line Drive, 13S)
Lined into DP, 1-3 (Line Drive, 13S)
Bottom of the 3rd over - 0 run(s), 0 hit(s), 0 error(s), 0 left on base; Niagara Falls 0 - Nebraska 5
TOP OF THE 4TH
Niagara Falls Expos batting - Pitching for Nebraska Plainsmen : RHP Gabriel Escobar
Batting: RHB Edgardo Castro 0-0: Swinging Strike
0-1: Ball
1-1: Ball
2-1: Foul Ball, location: 2F
2-2: Strikes out swinging
Batting: LHB Pancho Farías 0-0: Called Strike
0-1: Fly out, F9 (Flyball, 9)
Batting: RHB Mario Germán 0-0: Called Strike
0-1: Reached on error, E6 (Groundball, 6MS)
Batting: LHB Carlos Germán 0-0: Ball
Mario Germán is caught stealing 2nd base
Top of the 4th over - 0 run(s), 0 hit(s), 1 error(s), 0 left on base; Niagara Falls 0 - Nebraska 5
BOTTOM OF THE 4TH
Nebraska Plainsmen batting - Pitching for Niagara Falls Expos : RHP Dao-zi Zhai
Batting: SHB Bill Bambridge 0-0: Foul Ball, location: 2F
0-1: Ball
1-1: Ground out U3 (Groundball, 34)
Batting: LHB Michael Cochran 0-0: Hit by Pitch
Batting: SHB Tony Gutiérrez 0-0: Called Strike
0-1: Swinging Strike
0-2: Foul Ball, location: 2F
0-2: Foul Ball, location: 2F
0-2: Foul Ball, location: 2F
0-2: Strikes out swinging
Batting: LHB Gilberto Moreno 0-0: Ball
1-0: Ball
2-0: Ball
3-0: Base on Balls
Michael Cochran to second
Batting: LHB Lance Antle 0-0: Called Strike
0-1: SINGLE (Line Drive, 4M)
Michael Cochran to third
Gilberto Moreno to second
Batting: SHB Keyveat Postell 0-0: Ball
1-0: Ground out U3 (Groundball, 34)
Bottom of the 4th over - 0 run(s), 1 hit(s), 0 error(s), 3 left on base; Niagara Falls 0 - Nebraska 5
TOP OF THE 5TH
Niagara Falls Expos batting - Pitching for Nebraska Plainsmen : RHP Gabriel Escobar
Batting: LHB Carlos Germán 0-0: Ball
1-0: Ground out 6-3 (Groundball, 6)
Batting: RHB Damien Medforth 0-0: Ball
1-0: Ball
2-0: Called Strike
2-1: Fly out, F8 (Flyball, 8LD)
Batting: RHB Hou Kong 0-0: Called Strike
0-1: Ground out 6-3 (Groundball, 6)
Top of the 5th over - 0 run(s), 0 hit(s), 0 error(s), 0 left on base; Niagara Falls 0 - Nebraska 5
BOTTOM OF THE 5TH
Nebraska Plainsmen batting - Pitching for Niagara Falls Expos : RHP Dao-zi Zhai
Batting: LHB Pedro García 0-0: Ball
1-0: Called Strike
1-1: Swinging Strike
1-2: Ground out 6-3 (Groundball, 6MD)
Batting: RHB Harith Karim 0-0: Called Strike
0-1: Ground out 3-1 (Groundball, 34)
Batting: SHB José Ángel 0-0: Ball
1-0: Called Strike
1-1: Ball
2-1: Called Strike
2-2: Ground out U3 (Groundball, 3)
Bottom of the 5th over - 0 run(s), 0 hit(s), 0 error(s), 0 left on base; Niagara Falls 0 - Nebraska 5
TOP OF THE 6TH
Niagara Falls Expos batting - Pitching for Nebraska Plainsmen : RHP Gabriel Escobar
Batting: RHB Justin Smelter 0-0: Foul Ball, location: 2F
0-1: Ball
1-1: Fly out, F9 (Flyball, 9)
Batting: LHB Júlio Ibarra 0-0: Foul Ball, location: 2F
0-1: Ball
1-1: Foul Ball, location: 2F
1-2: Ground out 6-3 (Groundball, 6M)
Batting: RHB Danijel van Aalten 0-0: Ball
1-0: Foul Ball, location: 2F
1-1: Ground out 5-3 (Groundball, 5S)
Top of the 6th over - 0 run(s), 0 hit(s), 0 error(s), 0 left on base; Niagara Falls 0 - Nebraska 5
BOTTOM OF THE 6TH
Nebraska Plainsmen batting - Pitching for Niagara Falls Expos : RHP Dao-zi Zhai
Pitching: RHP Tony Moreno
Batting: SHB Bill Bambridge 0-0: Ball
1-0: Called Strike
1-1: Ball
2-1: Ball
3-1: Base on Balls
Batting: LHB Michael Cochran 0-0: Ball
1-0: Fly out, F5 (Popup, 5L)
Batting: SHB Tony Gutiérrez 0-0: Called Strike
0-1: Ball
1-1: Grounds into double play, 4-6-3 (Groundball, 4)
Bottom of the 6th over - 0 run(s), 0 hit(s), 0 error(s), 0 left on base; Niagara Falls 0 - Nebraska 5
TOP OF THE 7TH
Niagara Falls Expos batting - Pitching for Nebraska Plainsmen : RHP Gabriel Escobar
Batting: RHB Edgardo Castro 0-0: Foul Ball, location: 2F
0-1: Swinging Strike
0-2: Ground out 1-3 (Groundball, P)
Batting: LHB Pancho Farías 0-0: Called Strike
0-1: Ball
1-1: Called Strike
1-2: Strikes out looking
Batting: RHB Mario Germán 0-0: Ball
1-0: Called Strike
1-1: Ground out 6-3 (Groundball, 6)
Top of the 7th over - 0 run(s), 0 hit(s), 0 error(s), 0 left on base; Niagara Falls 0 - Nebraska 5
BOTTOM OF THE 7TH
Nebraska Plainsmen batting - Pitching for Niagara Falls Expos : RHP Tony Moreno
Batting: LHB Gilberto Moreno 0-0: Foul Ball, location: 2F
0-1: Called Strike
0-2: Foul Ball, location: 2F
0-2: Ball
1-2: Ball
2-2: Ball
3-2: Base on Balls
Batting: LHB Lance Antle 0-0: Swinging Strike
0-1: Ball
1-1: Ball
2-1: Ball
3-1: Base on Balls
Gilberto Moreno to second
Batting: SHB Keyveat Postell 0-0: Foul Ball, location: 2F
0-1: Ball
1-1: Ball
2-1: Ball
3-1: Foul Ball, location: 2F
3-2: Foul Ball, location: 2F
3-2: Strikes out swinging
Batting: LHB Pedro García 0-0: Called Strike
0-1: 3-RUN HOME RUN (Flyball, 9D), Distance : 395 ft
Batting: RHB Harith Karim 0-0: Called Strike
0-1: Ground out 5-3 (Groundball, 56)
Batting: SHB José Ángel 0-0: Ball
1-0: Ball
2-0: Called Strike
2-1: Foul Ball, location: 2F
2-2: Ball
3-2: Base on Balls
Batting: SHB Bill Bambridge 0-0: Ball
1-0: Called Strike
1-1: Ball
2-1: Called Strike
2-2: Strikes out swinging
Bottom of the 7th over - 3 run(s), 1 hit(s), 0 error(s), 1 left on base; Niagara Falls 0 - Nebraska 8
TOP OF THE 8TH
Niagara Falls Expos batting - Pitching for Nebraska Plainsmen : RHP Gabriel Escobar
Now at C: José Muñóz
Now at 3B: José Bravo
Batting: LHB Carlos Germán 0-0: Called Strike
0-1: Called Strike
0-2: Ball
1-2: Ball
2-2: Foul Ball, location: 2F
2-2: Foul Ball, location: 2F
2-2: Strikes out swinging
Batting: RHB Damien Medforth 0-0: Ball
1-0: Ground out 5-3 (Groundball, 5)
Batting: RHB Hou Kong 0-0: Ball
1-0: Swinging Strike
1-1: Ball
2-1: Foul Ball, location: 2F
2-2: Ball
3-2: Strikes out swinging
Top of the 8th over - 0 run(s), 0 hit(s), 0 error(s), 0 left on base; Niagara Falls 0 - Nebraska 8
BOTTOM OF THE 8TH
Nebraska Plainsmen batting - Pitching for Niagara Falls Expos : RHP Tony Moreno
Batting: LHB Michael Cochran 0-0: Called Strike
0-1: Ball
1-1: Called Strike
1-2: Strikes out swinging
Batting: SHB Tony Gutiérrez 0-0: Ball
1-0: Ball
2-0: Foul Ball, location: 2F
2-1: Foul Ball, location: 2F
2-2: Ball
3-2: Foul Ball, location: 2F
3-2: SINGLE (Line Drive, 78S)
Pinch Hitting: RHB Jim Unknown 0-0: Called Strike
Tony Gutiérrez steals 2nd base
0-1: DOUBLE (Flyball, 78XD)
Tony Gutiérrez scores
Pitching: RHP Justin Broadfoot
Batting: LHB Lance Antle 0-0: Ball
1-0: Ball
2-0: Ball
3-0: Called Strike
3-1: Swinging Strike
3-2: Foul Ball, location: 2F
3-2: Foul Ball, location: 2F
3-2: Base on Balls
Batting: SHB Keyveat Postell 0-0: Ball
1-0: Fly out, F7 (Line Drive, 78M)
Batting: LHB Pedro García 0-0: Ball
1-0: Fly out, F8 (Flyball, 8LM)
Bottom of the 8th over - 1 run(s), 2 hit(s), 0 error(s), 2 left on base; Niagara Falls 0 - Nebraska 9
TOP OF THE 9TH
Niagara Falls Expos batting - Pitching for Nebraska Plainsmen : RHP Gabriel Escobar
Now at 2B: Jim Unknown
Now in LF: Jen-djieh Cheung
Batting: RHB Justin Smelter 0-0: Called Strike
0-1: Foul Ball, location: 2F
0-2: Ground out 4-3 (Groundball, 4M)
Batting: LHB Júlio Ibarra 0-0: Ball
1-0: Ball
2-0: Ball
3-0: Called Strike
3-1: Fly out, F7 (Flyball, 78S)
Batting: RHB Danijel van Aalten 0-0: Ball
1-0: Called Strike
1-1: Fly out, F9 (Flyball, 9)
Top of the 9th over - 0 run(s), 0 hit(s), 0 error(s), 0 left on base; Niagara Falls 0 - Nebraska 9
Saturday, May 26th, 2018 - OOTP Baseball 17.12 Build 75